Map: Moondance

Players

MaxPax

  • Race: Protoss Protoss
  • League: Grandmaster
  • Spawn Location: 12:00

Reynor - Winner!

  • Race: Zerg Zerg
  • League: Master
  • Spawn Location: 6:00

VOD

Have the link to the VOD?

Description

Time

  • Played on: Oct. 19, 2022, 4:40 p.m.
  • Length: 9:04
Show
View Real Time Build Order
Export as new Build Order

MaxPax Protoss 

Build Orders:  

Get SALT Encoding   

  12  0:00  Probe  
  13  0:12  Probe  
  14  0:19  Pylon  
  14  0:24  Probe  
  15  0:37  Probe (Chrono Boost)  
  15  0:42  Gateway  
  16  0:46  Probe (Chrono Boost)  
  17  0:50  Assimilator  
  17  0:52  Probe  
  19  1:05  Probe  
  19  1:07  Gateway  
  20  1:23  Pylon  
  19  1:27  Zealot (Chrono Boost)  
  19  1:29  Pylon  
  21  1:33  Cybernetics Core  
  21  1:46  Zealot (Chrono Boost)  
  21  1:50  Probe  
  24  2:02  Probe  
  27  2:17  Adept (Chrono Boost)  
  25  2:26  Shield Battery  
  23  2:32  Pylon  
  23  2:35  Probe  
  21  2:40  Adept  
  23  2:50  Probe  
  24  2:53  Shield Battery  
  21  3:08  Probe  
  22  3:15  Pylon  
  22  3:24  Pylon  
  20  3:27  Pylon  
  20  3:32  Pylon  
  19  3:42  Probe  
  19  3:43  Adept (Chrono Boost)  
  22  3:54  Probe  
  23  4:00  Pylon  
  22  4:05  Adept  
  24  4:10  Probe  
  25  4:30  Nexus  
  26  4:41  Stargate  
  26  4:44  Probe (Chrono Boost)  
  26  4:56  Probe (Chrono Boost), Assimilator  
  27  5:03  Probe (Chrono Boost)  
  28  5:07  Pylon  
  28  5:11  Warp Gate, Probe  
  29  5:23  Probe  
  30  5:30  Oracle (Chrono Boost)  
  34  5:36  Probe (Chrono Boost)  
  35  5:42  Probe (Chrono Boost)  
  36  5:52  Probe x2 (Chrono Boost)  
  37  5:57  Probe (Chrono Boost)  
  37  5:59  Probe  
  43  6:05  Void Ray (Chrono Boost)  
  43  6:09  Probe  
  44  6:11  Probe  
  45  6:21  Probe  
  45  6:22  Shield Battery  
  45  6:23  Probe  
  47  6:29  Shield Battery  
  47  6:33  Probe  
  47  6:35  Probe  
  47  6:36  Void Ray (Chrono Boost)  
  53  6:45  Probe  
  54  6:47  Probe  
  55  6:54  Nexus  
  55  6:57  Probe  
  55  6:58  Pylon  
  55  6:59  Probe  
  57  7:09  Probe  
  57  7:15  Void Ray (Chrono Boost)  
  62  7:16  Probe  
  62  7:17  Shield Battery  
  63  7:23  Shield Battery  
  63  7:27  Pylon  
  63  7:31  Pylon  
  63  7:34  Forge, Probe  
  64  7:38  Stalker  
  70  7:55  Shield Battery  
  70  7:58  Shield Battery  
  70  8:00  Assimilator  
  70  8:02  Assimilator  
  70  8:03  Pylon  
  70  8:15  Shield Battery  
  70  8:19  Shield Battery  
  70  8:21  Forge  
  70  8:26  Probe  
  56  8:34  Probe  
  56  8:38  Probe  
  56  8:46  Probe  
  50  8:50  Gateway  
  50  8:51  Gateway, Probe  
  50  8:54  Gateway  
Show
View Real Time Build Order
Export as new Build Order

Reynor Zerg - Winner!

Build Orders: Pool First 

Get SALT Encoding   

  12  0:17  Spawning Pool  
  11  0:22  Drone  
  11  0:26  Drone  
  13  0:31  Drone  
  14  0:41  Overlord  
  14  1:03  Zergling x4  
  16  1:05  Zergling x2  
  17  1:17  Zergling x2  
  18  1:25  Hatchery  
  18  1:27  Zergling x2  
  18  1:31  Spine Crawler  
  20  1:38  Zergling x2  
  19  1:45  Hatchery  
  18  1:51  Zergling x2  
  19  2:03  Zergling x2  
  20  2:12  Overlord  
  18  2:16  Queen  
  19  2:31  Zergling x4  
  20  2:51  Queen  
  20  2:52  Zergling x4  
  23  3:09  Queen  
  23  3:10  Drone x2  
  23  3:12  Drone  
  27  3:13  Drone  
  27  3:18  Drone  
  28  3:25  Overlord  
  28  3:30  Drone  
  28  3:32  Drone  
  29  3:36  Extractor  
  29  3:39  Drone  
  29  3:40  Drone  
  30  3:44  Drone  
  30  3:48  Drone  
  31  3:57  Drone x2  
  32  4:06  Drone  
  33  4:13  Drone  
  33  4:14  Drone  
  34  4:24  Zergling x8  
  37  4:33  Overlord  
  37  4:35  Drone x2  
  39  4:39  Zergling x2  
  39  4:40  Drone  
  39  4:42  Drone  
  39  4:43  Hatchery  
  41  4:50  Drone x3  
  44  4:54  Drone  
  45  5:00  Roach Warren  
  45  5:03  Overlord  
  44  5:07  Drone  
  44  5:08  Drone  
  46  5:14  Drone  
  46  5:15  Drone x3  
  46  5:17  Extractor  
  46  5:21  Overlord  
  49  5:25  Lair  
  49  5:28  Drone  
  50  5:32  Spore Crawler  
  50  5:34  Drone x2  
  51  5:38  Queen  
  53  5:46  Overlord  
  53  5:48  Drone x2  
  55  5:52  Overlord  
  55  5:55  Roach x3  
  63  5:57  Roach  
  63  6:00  Pneumatized Carapace, Extractor  
  63  6:03  Roach  
  64  6:06  Roach  
  64  6:09  Drone x2  
  64  6:10  Extractor  
  68  6:11  Drone  
  68  6:17  Queen  
  70  6:20  Drone  
  70  6:23  Overlord  
  71  6:31  Queen  
  73  6:37  Drone x2  
  75  6:40  Roach x2  
  75  6:41  Roach x2  
  75  6:42  Roach  
  85  6:47  Spore Crawler, Drone  
  85  6:51  Overlord  
  81  6:58  Roach x2  
  83  7:02  Drone x2  
  83  7:03  Drone  
  84  7:12  Overlord  
  84  7:14  Ravager  
  84  7:15  Ravager x4  
  88  7:16  Ravager  
  89  7:23  Overlord  
  89  7:28  Drone x6, Ravager  
  96  7:35  Ravager  
  97  7:38  Drone x4  
  97  7:40  Queen  
  103  7:45  Overlord  
  103  7:47  Drone x2  
  103  7:50  Ravager x2  
  104  7:53  Queen  
  104  7:59  Queen  
  104  8:01  Drone x3  
  106  8:12  Overlord  
  106  8:16  Queen  
  108  8:23  Drone x5, Overlord  
  113  8:41  Overlord  
  111  8:43  Zergling x4  
Tags
 
Add a new tag
Caveats
  • Supply blocks, unpowered buildings, or Contaminate may cause inaccurate times.
  • Supply counts are checked every 10 seconds.